 Dungeon Crawl Stone Soup version 0.19.3-4-gbf9329e (webtiles) character file.

1572 Alarkh the Cleaver (level 8, -4/56 HPs)
             Began as a Demonspawn Skald on Jan 28, 2017.
             Was a Believer of Okawaru.
             Slain by Prince Ribbit (10 damage)
             ... on level 6 of the Dungeon.
             The game lasted 00:06:42 (5188 turns).

Alarkh the Cleaver (Demonspawn Skald)               Turns: 5188, Time: 00:06:43

Health: -4/56      AC: 13    Str: 12    XL:     8   Next: 59%
Magic:  0/11       EV: 16    Int: 16    God:    Okawaru [**....]
Gold:   298        SH:  0    Dex: 22    Spells: 1 memorised, 10 levels left

rFire  + . .     SeeInvis .     p - +0 battleaxe
rCold  . . .     Gourm    .     b - +1 leather armour
rNeg   . . .     Faith    .     (shield currently unavailable)
rPois  +         Spirit   +     (helmet restricted)
rElec  .         Reflect  .     (no cloak)
rCorr  .         Harm     .     (no gloves)
MR     .....     Clarity  +     (no boots)
Stlth  +++.......               j - amulet of guardian spirit
                                (no ring)
                                o - ring of poison resistance

@: agile, sanguine armour
A: antennae 1, hooves 1, agile 2, clarity, fire resistance 1, nightstalker 1,
rot immunity, sanguine armour 2
a: Heroism, Renounce Religion


You were on level 6 of the Dungeon.
You worshipped Okawaru.
Okawaru was pleased with you.
You were not hungry.

You visited 2 branches of the dungeon, and saw 7 of its levels.

You collected 298 gold pieces.

Inventory:

Hand Weapons
 a - a +0 hand axe
 p - a +0 battleaxe (weapon)
Armour
 b - a +1 leather armour (worn)
Jewellery
 j - an amulet of guardian spirit (around neck)
 o - a ring of poison resistance (left hand)
Wands
 u - a wand of acid (10/15)
 w - a wand of acid (7/15)
Scrolls
 e - a scroll of identify
 g - a scroll of immolation {unknown}
 h - a scroll of fog
 i - a scroll of magic mapping {unknown}
 k - a scroll of recharging {unknown}
 l - a scroll of fear
 m - 3 scrolls of enchant armour
 n - 3 scrolls of teleportation
 q - a scroll of amnesia
 v - 3 scrolls of random uselessness
 x - 2 scrolls of noise
Potions
 f - a potion of might
 s - a potion of lignification
 t - 2 potions of flight
Books
 c - a book of Battle

   Spells                             Type                      Level
   a - Infusion                       Charms                       1
   b - Shroud of Golubria             Charms/Translocation         2
   c - Song of Slaying                Charms                       2
   d - Spectral Weapon                Hexes/Charms                 3
   e - Regeneration                   Charms/Necromancy            3
Comestibles
 d - 5 bread rations
 r - 11 chunks of flesh
 z - a meat ration


   Skills:
 - Level 2.0 Fighting
 + Level 10.1 Axes
 - Level 0.8 Armour
 - Level 0.8 Dodging
 - Level 2.0 Spellcasting
 - Level 2.6 Charms


You had 10 spell levels left.
You knew the following spells:

 Your Spells              Type           Power        Failure   Level  Hunger
a - Infusion              Chrm           ##..         12%         1    #......


Dungeon Overview and Level Annotations

Branches:
Dungeon (6/15)             Temple (1/1) D:5

Altars:
Ashenzari
Cheibriados
Dithmenos
Fedhas
Hepliaklqana
Kikubaaqudgha
Makhleb
Nemelex Xobeh
Okawaru
Qazlal
Ru
Trog
Uskayaw
Vehumet
Xom
Zin
The Shining One

Annotations:
D:6 Prince Ribbit


Innate Abilities, Weirdness & Mutations

You are slightly more attuned to the shadows.
You are immune to rotting.
When seriously injured, your bleeding wounds create thick armour. (AC +9)
You have a pair of small antennae on your head.
You have large cloven feet.
You are very agile. (Dex +4)
You possess an exceptional clarity of mind.
Your flesh is heat resistant. (rF+)


Message History

You butcher the bullfrog corpse.
r - 11 chunks of flesh (gained 3)
You barely miss Prince Ribbit. Your kick misses Prince Ribbit.
Prince Ribbit is lightly wounded.
Prince Ribbit blinks! x2
You barely miss Prince Ribbit.
You kick Prince Ribbit, but do no damage.
Prince Ribbit is lightly wounded.
Prince Ribbit hits you!
* * * LOW HITPOINT WARNING * * *
You hit Prince Ribbit.
You kick Prince Ribbit, but do no damage.
Prince Ribbit is moderately wounded.
Prince Ribbit completely misses you. Prince Ribbit hits you!
* * * LOW HITPOINT WARNING * * *
You miss Prince Ribbit.
You kick Prince Ribbit, but do no damage.
Prince Ribbit is moderately wounded.
Prince Ribbit hits you!
You die...

....#.#. ....#.#.### ##.....#.#..
########. #......#.#.#
#......#... #######.#....#.#.#
#.....)#... #............#.#.#
#......###'###....##.#.#......#
###........#....$...##.#.#..#.###
..#.............@[..##.#.........
#...............F....#.#...##.##.
##...............#+#.#.######.##.
)รท...............# .#.. ..#
<...####...#'#...# .. ### .....#
#...#.#..## .. ...#.# #...# #...
......##...# #.(.. ....#.##...#
#####


You could see Prince Ribbit.

Vanquished Creatures
  The ghost of Exporg the Chopper, an amateur HOAK of Lugonu (D:4)
  Sigmund (D:6)
  A water moccasin (D:5)
  A sky beast (D:5)
  3 ogres
  A phantom (D:5)
  A bullfrog (D:6)
  3 crimson imps (D:6)
  2 howler monkeys
  3 hounds
  2 jellies
  An orc priest (D:6)
  Terence (D:2)
  A hound zombie (D:3)
  A worker ant zombie (D:5)
  8 adders
  An ooze (D:6)
  An adder zombie (D:6)
  3 worms
  A dart slug (D:2)
  4 leopard geckos
  8 orcs
  A ball python (D:1)
  6 bats
  7 giant cockroaches
  9 hobgoblins
  6 jackals (D:6)
  6 kobolds
  A frilled lizard (D:1)
  5 goblins
  4 rats
94 creatures vanquished.

Notes
Turn   | Place    | Note
-------+----------+-------------------------------------------
     0 | D:1      | Alarkh the Demonspawn Skald began the quest for the Orb.
     0 | D:1      | Reached XP level 1. HP: 16/16 MP: 3/3
    49 | D:1      | Reached skill level 2 in Axes
   380 | D:1      | Gained mutation: When seriously injured, your bleeding wounds create armour. (AC +9) [demonic ancestry]
   380 | D:1      | Reached XP level 2. HP: 19/22 MP: 5/5
   923 | D:2      | Noticed Terence
   938 | D:2      | Gained mutation: You possess an exceptional clarity of mind. [potion of beneficial mutation]
   983 | D:1      | Reached skill level 3 in Axes
  1177 | D:2      | HP: 1/22 [Terence/mace (8)]
  1183 | D:2      | Killed Terence
  1183 | D:2      | Gained mutation: When seriously injured, your bleeding wounds create thick armour. (AC +9) [demonic ancestry]
  1183 | D:2      | Reached XP level 3. HP: 1/27 MP: 0/6
  1403 | D:2      | Found a sparkling altar of Nemelex Xobeh.
  1422 | D:2      | Found a bloodstained altar of Trog.
  1429 | D:2      | Found a radiant altar of Vehumet.
  1607 | D:2      | You fall through a shaft for 2 floors!
  1645 | D:4      | Reached XP level 4. HP: 23/33 MP: 5/7
  1836 | D:4      | Reached skill level 4 in Axes
  1905 | D:4      | Noticed Exporg's ghost (amateur HOAK)
  1931 | D:4      | HP: 1/33 [Exporg's ghost (4)]
  1933 | D:4      | Killed Exporg's ghost
  1933 | D:4      | Reached skill level 6 in Axes
  1933 | D:4      | Gained mutation: You are immune to rotting. [demonic ancestry]
  1933 | D:4      | Reached XP level 5. HP: 2/38 MP: 1/8
  1933 | D:4      | Reached XP level 6. HP: 2/44 MP: 1/9
  2398 | D:2      | Gained mutation: You have large cloven feet. [potion of beneficial mutation]
  2399 | D:2      | Gained mutation: You are agile. (Dex +2) [potion of beneficial mutation]
  2923 | D:3      | Found a sacrificial altar of Ru.
  3457 | D:4      | Found a stormy altar of Qazlal.
  3491 | D:4      | Reached skill level 7 in Axes
  3491 | D:4      | Gained mutation: You are slightly more attuned to the shadows. [demonic ancestry]
  3491 | D:4      | Reached XP level 7. HP: 26/50 MP: 4/10
  3765 | D:5      | Entered Level 5 of the Dungeon
  3898 | D:5      | Found a staircase to the Ecumenical Temple.
  3914 | Temple   | Entered the Ecumenical Temple
  3978 | Temple   | Became a worshipper of Warmaster Okawaru
  4205 | D:5      | Gained mutation: You have a pair of small antennae on your head. [potion of mutation]
  4205 | D:5      | Gained mutation: You are very agile. (Dex +4) [potion of mutation]
  4205 | D:5      | Gained mutation: Your flesh is heat resistant. (rF+) [potion of mutation]
  4221 | D:5      | Reached skill level 8 in Axes
  4637 | D:6      | Reached XP level 8. HP: 16/56 MP: 4/11
  4641 | D:6      | Reached * piety under Okawaru
  4711 | D:5      | Reached skill level 9 in Axes
  4887 | D:6      | Noticed Sigmund
  4905 | D:6      | Killed Sigmund
  5166 | D:6      | Noticed Prince Ribbit
  5174 | D:6      | Reached skill level 10 in Axes
  5175 | D:6      | Reached ** piety under Okawaru
  5188 | D:6      | Slain by Prince Ribbit

Skill      XL: |  1  2  3  4  5  6  7  8 |
---------------+-------------------------+-----
Axes           | 2 3 6 7 8 10 | 10.1
Fighting       | |  2.0
Armour         | |  0.8
Dodging        | |  0.8
Spellcasting   | |  2.0
Charms         | |  2.6

Action                   |  1- 3 |  4- 6 |  7- 9 || total
-------------------------+-------+-------+-------++-------
Melee: Hand axe          |    94 |       |       ||    94
       Battleaxe         |    22 |    87 |   156 ||   265
       Kick              |       |    13 |    44 ||    57
 Cast: Infusion          |     3 |     1 |       ||     4
Invok: Heroism           |       |       |     1 ||     1
  Use: Potion            |     3 |     3 |     3 ||     9
       Scroll            |     2 |     2 |     7 ||    11
 Stab: Invisible         |       |     5 |       ||     5
  Eat: Chunk             |     3 |     6 |     5 ||    14
Armor: Leather armour    |    52 |    18 |    57 ||   127
Dodge: Dodged            |    93 |    60 |   120 ||   273
